 Dungeon Crawl Stone Soup version 0.22.1-1-ga44c0e5 (webtiles) character file.

361 Anon1729 the Skirmisher (level 6, -3/52 HPs)
             Began as a Ghoul Gladiator on Oct 28, 2018.
             Slain by an orc
             ... wielding a +0 dagger
              (4 damage)
             ... on level 4 of the Dungeon.
             The game lasted 00:03:33 (2744 turns).

Anon1729 the Skirmisher (Ghoul Gladiator)           Turns: 2744, Time: 00:03:34

Health: -3/52      AC:  7    Str: 18    XL:     6   Next: 66%
Magic:  5/5        EV: 11    Int:  5    God:
Gold:   127        SH:  0    Dex: 10    Spells: 5/5 levels left

rFire    . . .     SeeInvis .   a - +0 quarterstaff
rCold    + . .     Gourm    .   (shield currently unavailable)
rNeg     + + +     Faith    .   e - +0 scale mail
rPois    ∞         Spirit   .   c - +0 helmet
rElec    .         Reflect  .   (no cloak)
rCorr    .         Harm     .   (no gloves)
MR       .....                  (no boots)
Stlth    ..........             (no amulet)
HPRegen  0.00/turn              (no ring)
MPRegen  0.09/turn              (no ring)

@: rotting
A: rotting body, claws 1, carnivore, cold resistance 1, negative energy
resistance 3, inhibited regeneration, torment resistance, unbreathing
a: no special abilities


You were on level 4 of the Dungeon.
You were not hungry.

You visited 1 branch of the dungeon, and saw 4 of its levels.

You collected 127 gold pieces.

Inventory:

Hand Weapons
 a - a +0 quarterstaff (weapon)
Missiles
 d - 3 throwing nets (quivered)
Armour
 b - a +0 leather armour
 c - a +0 helmet (worn)
 e - a +0 scale mail (worn)
Scrolls
 i - 4 scrolls of enchant armour {unknown}
 j - 5 scrolls of identify {unknown}
 k - a scroll of remove curse {unknown}
 l - a scroll of blinking {unknown}
 m - a scroll of immolation {unknown}
 n - 2 scrolls of magic mapping {unknown}
 p - a scroll of amnesia {unknown}
 q - a scroll of noise {unknown}
 r - 3 scrolls of teleportation {unknown}
 s - a scroll of random uselessness {unknown}
 t - a scroll of enchant weapon {unknown}
Potions
 g - a potion of curing {unknown}
 h - 2 potions of lignification
Comestibles
 f - 7 rations


   Skills:
 + Level 4.2 Fighting
 + Level 4.0 Staves
 - Level 1.7 Throwing
 + Level 2.7 Armour
 + Level 4.0 Dodging


You had 5 spell levels left.
You didn't know any spells.
Your spell library contained the following spells:

 Spells                   Type           Power        Failure   Level  Hunger
 Confusing Touch          Hex            #.....       86%         1    ##.....
 Confuse                  Hex            #.......     99%         3    ####...
 Gell's Gravitas          Tloc           #.........   99%         3    ####...
 Petrify                  Tmut/Erth      #.......     100%        4    #####..
 Metabolic Englaciation   Hex/Ice        #.........   100%        5    ######.
 Yara's Violent Unravell  Hex/Tmut       #.........   100%        5    ######.


Dungeon Overview and Level Annotations

Branches:
Dungeon (4/15)
 Temple: D:4-7

Altars:


Innate Abilities, Weirdness & Mutations

Your body is rotting away.
You thrive on raw meat.
You are immune to poison.
You have sharp fingernails.
You are carnivorous and can eat meat at any time.
Your flesh is cold resistant. (rC+)
You are immune to negative energy. (rN+++)
You do not regenerate when monsters are visible.
You are immune to unholy pain and torment.
You can survive without breathing.


Message History

The orc hits you with a dagger.
* * * LOW HITPOINT WARNING * * *
Eat a chunk of flesh? (ye/n/q)
You eat the chunk of flesh.
This raw flesh tastes great!
The orc priest hits you with a mace.
* * * LOW HITPOINT WARNING * * *
The orc wizard hits you with a dagger.
* * * LOW HITPOINT WARNING * * *
The orc misses you.
Unknown command.
You closely miss the orc priest.
The orc priest is moderately wounded.
The orc priest hits you with a mace.
* * * LOW HITPOINT WARNING * * *
The orc hits you with a dagger.
* * * LOW HITPOINT WARNING * * *
The orc wizard hits you but does no damage.
It was a potion of lignification.
You feel woody for a moment. The orc hits you with a dagger.
You die...

#.###### #.##...#
#......## ####.......#
#..........#
####......(o#.#
#.............#
#.....###'###(#######.
#.....# #.##..@.......
#.....# #.##.ooo......
#.....# #.##..........
####### #.##.....#####
#....#.### #.##.#..
####.### #.


You could see an orc priest, 2 orc wizards and an orc.

Vanquished Creatures
  An ice beast (D:2)
  A howler monkey (D:4)
  A centaur zombie (D:3)
  An orc wizard (D:4)
  A worker ant zombie (D:4)
  3 adders
  8 gnolls
  2 oozes (D:3)
  2 leopard geckos
  An orc (D:3)
  6 ball pythons
  3 bats (D:1)
  5 giant cockroaches
  6 goblins
  3 hobgoblins
  5 kobolds
  2 quokkas
  A frilled lizard (D:1)
  A leopard gecko skeleton (D:4)
  5 rats
58 creatures vanquished.

Notes
Turn   | Place    | Note
-------+----------+-------------------------------------------
     0 | D:1      | Anon1729 the Ghoul Gladiator began the quest for the Orb.
     0 | D:1      | Reached XP level 1. HP: 17/17 MP: 0/0
   116 | D:1      | Reached XP level 2. HP: 25/25 MP: 1/1
   327 | D:1      | Reached XP level 3. HP: 27/30 MP: 2/2
   488 | D:1      | Reached skill level 1 in Armour
  1031 | D:2      | Noticed an ice beast
  1055 | D:2      | Killed an ice beast
  1055 | D:2      | Reached XP level 4. HP: 16/38 MP: 3/3
  1055 | D:2      | Reached XP level 5. HP: 19/45 MP: 4/4
  2342 | D:3      | Reached XP level 6. HP: 39/52 MP: 5/5
  2743 | D:4      | HP: 1/52 [orc/dagger (3)]
  2744 | D:4      | Slain by an orc

Skill      XL: |  1  2  3  4  5  6 |
---------------+-------------------+-----
Staves         | 3 4 |  4.0
Dodging        | 3 4 |  4.0
Armour         | 1 2 |  2.7
Fighting       | 3 4 |  4.2
Throwing       | |  1.7

Action                   |  1- 3 |  4- 6 || total
-------------------------+-------+-------++-------
Melee: Quarterstaff      |    77 |   139 ||   216
  Use: Potion            |       |     1 ||     1
  Eat: Chunk             |     2 |    15 ||    17
Armor: Scale mail        |    38 |    50 ||    88
Dodge: Dodged            |    37 |    77 ||   114
